 Dungeon Crawl Stone Soup version 0.17-a0-1748-g222fba8 (webtiles) character file.

58 Kolbur the Chiller (level 4, -4/30 HPs)
             Began as a Merfolk Ice Elementalist on Sept 1, 2015.
             Slain by an ogre
             ... wielding a +0 giant club
              (28 damage)
             ... on level 4 of the Dungeon.
             The game lasted 00:12:42 (994 turns).

Kolbur the Chiller (Merfolk Ice Elementalist)        Turns: 994, Time: 00:12:43

Health: -4/30      AC:  2    Str:  8    XL:     4   Next: 1%
Magic:  6/7        EV: 13    Int: 14    God:
Gold:   90         SH:  0    Dex: 15    Spells: 2 memorised, 3 levels left

rFire  . . .     SeeInvis .     y - +0 dagger
rCold  . . .     Clarity  .     a - +0 robe
rNeg   . . .     SustAt   .     (no shield)
rPois  .         Gourm    .     (no helmet)
rElec  .         Spirit   .     (no cloak)
rCorr  .         Warding  .     (no gloves)
rMut   .         Stasis   .     (no boots)
MR     .....                    q - amulet of rage
Stlth  ++........               (no ring)
                                (no ring)

@: not resistant to hostile enchantments, unstealthy
A: change form in water, swift swim
a: Evoke Berserk Rage


You were on level 4 of the Dungeon.
You were not hungry.

You visited 1 branch of the dungeon, and saw 5 of its levels.

You collected 90 gold pieces.

Inventory:

Hand weapons
 y - a +0 dagger (weapon)
Missiles
 e - 92 stones
 f - 2 needles of confusion
 p - 3 javelins (quivered)
Armour
 a - a +0 robe (worn)
Jewellery
 q - an amulet of rage (around neck)
Magical devices
 v - a wand of polymorph (11)
 w - a wand of frost (19)
Scrolls
 g - a scroll of enchant armour {unknown}
 h - 4 scrolls of identify {unknown}
 j - a scroll of blinking {unknown}
 k - a scroll of remove curse {unknown}
 m - a scroll of enchant weapon {unknown}
 n - a scroll of teleportation {unknown}
 o - a scroll of magic mapping {unknown}
 s - a scroll of random uselessness {unknown}
 x - a scroll of fear {unknown}
Potions
 i - a potion of cancellation {unknown}
 l - 2 potions of lignification {unknown}
 t - a potion of curing {unknown}
 u - a potion of flight {unknown}
Books
 b - a book of Frost

   Spells                             Type                      Level
   a - Freeze                         Ice                          1
   b - Throw Frost                    Conjuration/Ice              2
   c - Ozocubu's Armour               Charms/Ice                   3
   d - Throw Icicle                   Conjuration/Ice              4
   e - Summon Ice Beast               Ice/Summoning                4
   f - Condensation Shield            Ice                          4
Comestibles
 c - 2 bread rations
 d - 2 fruits
 r - 3 meat rations


   Skills:
 + Level 2.9 Dodging
 - Level 2.1 Stealth
 + Level 2.3 Unarmed Combat
 - Level 2.0 Spellcasting
   Level 0.7 Conjurations
 + Level 4.3 Ice Magic


You had 3 spell levels left.
You knew the following spells:

 Your Spells              Type           Power        Failure   Level  Hunger
a - Freeze                Ice            ##..         4%          1    ##.....
o - Ozocubu's Armour      Chrm/Ice       #.......     30%         3    ####...


Dungeon Overview and Level Annotations

Branches:
Dungeon (5/15)
 Temple: D:4-7

Altars:
Ashenzari


Message History

You have reached level 4!
You see here a quokka corpse.
v - a wand of polymorph You see here an adder corpse.
Evoke which item? (* to show all) (? for menu, Esc to quit)
Okay, then.
Unknown command.
An ogre comes into view. It is wielding a giant club.
Unknown command.
Unknown command.
Casting: Freeze
Confirm with . or Enter, or press ? or * to list all spells.
Aiming: Freeze
Press: ? - help, Shift-Dir - straight line, f - ogre
Aim: an ogre, wielding a giant club You freeze the ogre.
The ogre is lightly wounded.
The ogre hits you with a giant club!!
Ouch! That really hurt!
You die...

♣♣♣♣♣♣♣♣♣♣...♣♣
♣♣♣..♣♣ #
♣...♣♣♣♣ ♣♣♣.♣♣
# ♣♣.....♣♣
♣♣.♣♣♣♣♣♣ #
♣....♣♣♣♣.♣♣
♣♣.♣♣.♣.♣ #
...♣♣♣♣ ♣♣.♣
♣...†..♣♣ # ...
♣♣.♣ ♣♣♣.†...♣
# .♣ ♣♣..♣
♣.....♣ # ♣.♣♣♣
♣♣...♣♣ #
♣♣♣@♣♣ ♣♣♣♣♣ #
♣...O♣ #
♣..♣♣...♣ # ♣♣.
♣♣♣.♣ # . ♣.. #
.♣ ♣♣♣ # ♣. # .
# #


You could see an ogre.

Vanquished Creatures
  3 adders
  A worm (D:5)
  An orc (D:4)
  3 ball pythons
  A bat (D:1)
  A goblin (D:3)
  4 hobgoblins
  2 quokkas (D:4)
  A giant cockroach (D:2)
  2 giant newts (D:1)
  A jackal (D:4)
  5 kobolds
  4 rats
29 creatures vanquished.

Notes
Turn   | Place    | Note
--------------------------------------------------------------
     0 | D:1      | Kolbur the Merfolk Ice Elementalist began the quest for the Orb.
     0 | D:1      | Reached XP level 1. HP: 13/13 MP: 3/3
   198 | D:1      | Reached skill level 1 in Unarmed Combat
   207 | D:1      | Reached XP level 2. HP: 13/19 MP: 1/5
   525 | D:2      | Reached XP level 3. HP: 21/24 MP: 1/6
   561 | D:4      | Reached skill level 4 in Ice Magic
   719 | D:3      | Learned a level 3 spell: Ozocubu's Armour
   735 | D:3      | Found a shattered altar of Ashenzari.
   882 | D:5      | Entered Level 5 of the Dungeon
   959 | D:4      | Reached XP level 4. HP: 21/30 MP: 3/7
   990 | D:4      | Noticed an ogre
   994 | D:4      | Slain by an ogre

Vault maps used:
D:1:      dpeg_arrival_orchard, interstate_on_off, hangedman_glass_teeth
D:3:      first_bread, cheibrodos_ashenzari_chains
D:4:      forest_paths, minmay_temple_entry_enclosed_plants,
          kennysheep_generic_room_16, uniq_sigmund

Action                   |  1- 3 |  4- 6 || total
-------------------------+-------+-------++-------
Melee: Unarmed           |     2 |       ||     2
       Short sword       |     8 |       ||     8
       Dagger            |     3 |       ||     3
Throw: Javelin           |     1 |       ||     1
 Cast: Freeze            |    42 |     2 ||    44
 Stab: Sleeping          |     9 |       ||     9
  Eat: Chunk             |     1 |       ||     1
